Map: Traitor's Exile

Players

cuty

  • Race: Terran Terran
  • Spawn Location: 12:00

PaERi

  • Race: Zerg Zerg
  • Spawn Location: 9:00

PureLegacy - Winner!

  • Race: Terran Terran
  • Spawn Location: 5:00

llllllllllll - Winner!

  • Race: Protoss Protoss
  • Spawn Location: 6:00

VOD

Have the link to the VOD?

Description

Time

  • Played on: Nov. 24, 2018, 8:37 a.m.
  • Length: 8:41
Show
View Real Time Build Order
Export as new Build Order

cuty Terran 

Build Orders:  

Get SALT Encoding   

  12  0:01  SCV  
  13  0:18  Supply Depot, SCV  
  14  0:30  SCV  
  15  0:40  Barracks  
  15  0:42  SCV  
  16  0:47  Refinery  
  16  0:54  SCV  
  17  1:06  SCV  
  17  1:10  Barracks  
  18  1:18  SCV  
  18  1:21  Supply Depot  
  19  1:36  Barracks Reactor  
  19  1:53  Barracks  
  19  1:54  Orbital Command  
  19  2:00  Marine  
  20  2:10  Supply Depot  
  20  2:11  Marine  
  20  2:12  Marine  
  22  2:18  Marine  
  23  2:24  Engineering Bay  
  23  2:25  SCV  
  24  2:33  Marine x2  
  25  2:38  Marine  
  26  2:47  Marine  
  26  2:51  Marine x2  
  26  2:55  Marine  
  26  3:04  Marine  
  23  3:09  Marine x2  
  22  3:13  Marine  
  22  3:22  Marine  
  22  3:27  Marine x2  
  23  3:31  Marine  
  26  3:37  SCV  
  26  3:40  Marine  
  28  3:44  Marine  
  28  3:47  Missile Turret  
  29  3:57  Marine x2  
  29  3:58  Marine  
  29  4:02  Marine  
  30  4:19  Marine  
  30  4:20  Marine x3  
  34  4:37  Marine x3  
  34  4:38  Marine  
  28  4:55  Marine x3  
  28  4:56  Marine  
  33  5:00  SCV  
  33  5:12  SCV  
  33  5:13  Marine x2  
  36  5:18  Marine x2  
  38  5:47  Marine  
  39  5:55  Marine  
  39  5:56  Marine  
  39  5:57  Marine  
  39  6:15  Marine  
  39  6:34  Supply Depot  
  39  6:54  Marine  
  39  6:55  Marine x3, SCV  
  28  7:12  Marine  
  28  7:13  Marine x3, SCV  
  32  7:30  Marine  
  32  7:31  Marine x3  
  36  7:48  Marine  
  36  7:49  Marine x3  
  27  8:05  Marine  
  27  8:06  Marine x3  
  19  8:27  SCV  
Show
View Real Time Build Order
Export as new Build Order

PaERi Zerg 

Build Orders: Pool First 

Get SALT Encoding   

  12  0:01  Drone  
  13  0:13  Overlord  
  13  0:18  Drone  
  14  0:31  Drone x2  
  16  0:38  Drone  
  17  0:54  Extractor  
  17  0:55  Spawning Pool  
  15  0:58  Drone  
  15  0:59  Drone  
  17  1:23  Hatchery  
  16  1:31  Drone  
  17  1:45  Roach Warren  
  17  1:46  Queen  
  18  1:54  Overlord  
  18  2:25  Roach x3  
  24  2:36  Roach  
  26  2:41  Roach  
  28  2:58  Roach x3  
  34  3:04  Roach  
  36  3:06  Overlord  
  36  3:19  Overlord  
  35  3:34  Roach x4  
  41  3:42  Roach  
  39  3:58  Roach x2  
  41  4:18  Roach x2  
  45  4:30  Roach x2  
  47  4:45  Roach x2  
  49  4:55  Drone x2  
  47  5:16  Roach x2  
  51  5:21  Overlord  
  42  5:41  Roach  
  42  5:42  Roach  
  30  5:57  Drone  
  31  6:19  Drone  
  32  6:39  Roach  
  24  6:58  Roach  
  10  7:23  Roach  
  4  8:17  Extractor  
Show
View Real Time Build Order
Export as new Build Order

PureLegacy Terran - Winner!

Build Orders:  

Get SALT Encoding   

  12  0:00  SCV  
  13  0:12  SCV  
  14  0:19  Supply Depot  
  14  0:25  SCV  
  15  0:30  Refinery  
  15  0:41  SCV  
  16  0:46  Barracks  
  16  0:53  SCV  
  17  1:06  Barracks  
  17  1:18  Barracks  
  17  1:21  SCV  
  18  1:36  Reaper  
  19  1:40  Orbital Command  
  19  1:48  Refinery  
  19  1:54  Reaper  
  20  1:59  Supply Depot  
  20  2:06  Reaper  
  21  2:09  Reaper  
  21  2:14  SCV  
  23  2:23  Supply Depot  
  23  2:32  Reaper  
  23  2:34  SCV  
  25  2:40  Reaper  
  25  3:00  Reaper  
  26  3:13  Reaper x2  
  26  3:14  Command Center  
  26  3:18  SCV  
  29  3:20  Supply Depot  
  29  3:34  SCV  
  29  3:35  Reaper  
  29  3:39  Engineering Bay  
  29  3:47  Reaper  
  29  3:48  Reaper  
  31  3:49  SCV  
  30  4:07  Reaper  
  31  4:11  Barracks  
  31  4:12  Barracks  
  31  4:19  Reaper  
  31  4:20  Terran Infantry Weapons Level 1  
  31  4:21  Reaper  
  33  4:26  Bunker  
  33  4:28  SCV  
  34  4:36  Orbital Command  
  33  4:47  Reaper  
  33  4:54  Reaper  
  33  4:56  SCV  
  33  4:57  Reaper  
  33  4:58  Bunker  
  33  4:59  Reaper  
  37  5:03  Reaper  
  37  5:18  SCV x2  
  39  5:21  Supply Depot  
  39  5:22  Reaper  
  40  5:29  Reaper  
  40  5:32  Reaper  
  42  5:42  Reaper  
  43  5:48  Reaper  
  17  6:11  Orbital Command  
  17  6:12  SCV  
  16  6:24  SCV  
  17  6:36  SCV  
  17  6:39  SCV  
  19  6:48  SCV  
  20  7:03  SCV  
  20  7:04  SCV  
  20  7:07  Supply Depot  
  22  7:12  Refinery x2  
  21  7:18  SCV x2  
  23  7:30  SCV  
  23  7:31  SCV  
  25  7:42  Barracks, SCV  
  25  7:43  Barracks  
  25  7:56  SCV  
  25  7:57  SCV  
  22  8:15  SCV x2  
  22  8:19  Barracks  
  24  8:20  Barracks  
  24  8:27  SCV x2  
  28  8:37  Barracks  
Show
View Real Time Build Order
Export as new Build Order

llllllllllll Protoss - Winner!

Build Orders: Oracle Opening 

Get SALT Encoding   

  12  0:00  Probe  
  13  0:13  Probe  
  14  0:18  Pylon  
  14  0:24  Probe  
  15  0:32  Probe  
  15  0:40  Probe  
  16  0:43  Gateway  
  17  0:51  Probe  
  17  0:54  Assimilator  
  18  1:03  Probe  
  19  1:06  Assimilator  
  19  1:15  Probe  
  20  1:23  Gateway  
  20  1:27  Probe  
  20  1:32  Cybernetics Core  
  21  1:39  Probe  
  22  1:47  Pylon  
  22  1:52  Probe  
  23  2:01  Pylon  
  23  2:02  Adept x2  
  27  2:20  Stargate  
  27  2:33  Adept  
  27  2:34  Adept  
  31  2:59  Oracle  
  31  3:11  Gateway  
  32  3:14  Pylon  
  30  3:31  Shield Battery x2  
  30  3:35  Probe, Pylon  
  30  3:39  Void Ray  
  30  4:03  Stalker x2  
  9  4:51  Void Ray  
  7  6:10  Probe  
  1  7:03  Probe  
  2  7:11  Probe  
  3  7:20  Probe  
  4  7:32  Probe  
  5  8:08  Probe  
  6  8:20  Probe  
Tags
 
Add a new tag
Caveats
  • Supply blocks, unpowered buildings, or Contaminate may cause inaccurate times.
  • Supply counts are checked every 10 seconds.